 Dungeon Crawl Stone Soup version 0.29-a0-837-g174bc33265 (webtiles) character file.

Game seed: 6292812556105663828

11321 Conn the Thaumaturge (level 11, -12/62 HPs)
             Began as an Octopode Fire Elementalist on July 13, 2022.
             Was a Priest of Sif Muna.
             Mangled by a boulder beetle (53 damage)
             ... on level 9 of the Dungeon.
             The game lasted 00:52:18 (10912 turns).

Conn the Thaumaturge (Octopode Fire Elementalist)  Turns: 10912, Time: 00:52:19

Health: -12/62     AC:  5    Str: 12    XL:     11   Next: 75%
Magic:  10/35      EV: 13    Int: 33    God:    Sif Muna [***...]
Gold:   602        SH:  0    Dex: 11    Spells: 16/33 levels left

rFire   + . .      SeeInvis .   a - +4 dagger (freeze)
rCold   . . .      Faith    .   (no shield)
rNeg    . . .      Spirit   .   (helmet restricted)
rPois   .          Reflect  .   P - amulet of regeneration
rElec   .          Harm     .   n - ring of protection from fire
rCorr   .          Rampage  .   t - +6 ring of intelligence
Will    .....                   v - +6 ring of intelligence
Stlth   +++.......              z - +4 ring of protection
HPRegen 1.00/turn               H - ring of magical power
MPRegen 0.24/turn               (no ring)
                                (no ring)
                                (no ring)

@: hasted, very quick
A: almost no armour, amphibious, 8 rings, camouflage 1, gelatinous body 1,
(nimble swimmer 1), tentacles, fangs 1, tentacle spike 1, strong 1, evolution 1
a: Renounce Religion, Channel Magic, Forget Spell


You were on level 9 of the Dungeon.
You worshipped Sif Muna.
Sif Muna was most pleased with you.
You visited 2 branches of the dungeon, and saw 10 of its levels.
You also visited: Bailey.

You collected 602 gold pieces.

Inventory:

Hand Weapons
 a - a +4 dagger of freezing (weapon)
Missiles
 d - 4 silver javelins (quivered)
 k - 9 poisoned darts
 D - 3 silver boomerangs
 K - a boomerang of dispersal
Armour
 c - an orb of wrath
Magical Staves
 b - a staff of air
Jewellery
 n - a ring of protection from fire (left tentacle)
 t - a +6 ring of intelligence (right tentacle)
 v - a +6 ring of intelligence (on tentacle)
 x - a ring of ice
 z - a +4 ring of protection (on tentacle)
 H - a ring of magical power (on tentacle)
 P - an amulet of regeneration (around mantle)
Wands
 J - a wand of paralysis (12)
 M - a wand of polymorph (6)
 N - a wand of flame (22)
Scrolls
 e - a scroll of fear
 h - 2 scrolls of amnesia
 o - 5 scrolls of enchant armour
 p - 5 scrolls of teleportation
 q - a scroll of brand weapon
 u - 2 scrolls of magic mapping
 w - a scroll of acquirement {unknown}
 y - a scroll of fog
 A - 3 scrolls of poison
 O - 2 scrolls of blinking
 Q - 4 scrolls of summoning
Potions
 f - 2 potions of curing
 g - a potion of magic
 i - 2 potions of brilliance
 j - 4 potions of mutation
 l - a potion of heal wounds
 m - a potion of cancellation
 r - a potion of experience {unknown}
 B - 4 potions of flight


   Skills:
 + Level 0.5 Fighting
 + Level 0.3 Staves
 + Level 1.0 Throwing
 + Level 2.8 Dodging
 + Level 4.3 Stealth
 + Level 0.5 Unarmed Combat
 * Level 11.8 Spellcasting
 * Level 7.7 Conjurations
 + Level 2.4 Hexes
 * Level 3.6 Translocations
 + Level 8.9 Fire Magic
 * Level 3.3 Invocations


You had 16 spell levels left.
You knew the following spells:

 Your Spells              Type           Power      Damage    Failure   Level
a - Foxfire               Conj/Fire      100%       2x1d9     1%          1
b - Conjure Flame         Conj/Fire      65%        6-21      1%          3
c - Inner Flame           Hex/Fire       55%        N/A       1%          3
d - Flame Wave            Conj/Fire      65%        2d12      1%          4
e - Scorch                Fire           100%       2d10      1%          2
f - Iskenderun's Mystic   Conj/Tloc      55%        2d12      2%          4

Your spell library contained the following spells:

 Spells                   Type           Power      Damage    Failure   Level
 Apportation              Tloc           86%        N/A       1%          1
 Fulminant Prism          Conj/Hex       26%        3d14      3%          4
 Alistair's Intoxication  Tmut/Pois      12%        N/A       54%         5
 Lee's Rapid Deconstruct  Erth           9%         3d8*      54%         5


Dungeon Overview and Level Annotations

Branches:
Dungeon (9/15)             Temple (1/1) D:7             Orc (0/2) D:9
 Bailey (visited)
   Lair: D:8-11

Altars:
Cheibriados
Fedhas
Hepliaklqana
Kikubaaqudgha
Makhleb
Nemelex Xobeh
Okawaru
Qazlal
Sif Muna
Uskayaw
Vehumet
Wu Jian
Xom
Yredelemnul
Zin


Innate Abilities, Weirdness & Mutations

You cannot wear most types of armour.
You are amphibious.
You can wear up to eight rings at the same time.
Your skin changes colour to match your surroundings (Stealth+).
Your rubbery body absorbs attacks. (AC +1, EV +1)
((You are camouflaged when in or above water. (Stealth+)))
You have tentacles for arms and can constrict up to eight enemies at once.
You have very sharp teeth.
One of your tentacles bears a spike.
Your muscles are strong. (Str +4, Int/Dex -1)
You have hidden genetic potential.


Message History

The boulder beetle is moderately wounded.
The boulder beetle's fire resistance burns away.
Unknown command.
Casting: Scorch (safe; 1% risk of failure)
Confirm with . or Enter, or press ? or * to list all spells.
You erupt in a blast of force!
The mystic blast hits the boulder beetle!
Flame seeps out of the boulder beetle.
The boulder beetle is heavily wounded.
The boulder beetle is knocked back by the mystic blast.
You fail to use your ability.
You fail to use your ability.
Casting: Iskenderun's Mystic Blast (dangerous; 2% risk of failure)
Confirm with . or Enter, or press ? or * to list all spells.
Okay, then.
You fail to use your ability.
The boulder beetle completely misses you.
The boulder beetle bites you!!
Casting: Iskenderun's Mystic Blast (dangerous; 2% risk of failure)
Confirm with . or Enter, or press ? or * to list all spells.
You erupt in a blast of force!
The mystic blast hits the boulder beetle!
Flame seeps out of the boulder beetle.
The boulder beetle is heavily wounded.
The boulder beetle is knocked back by the mystic blast.
The boulder beetle is no longer more vulnerable to fire.
The boulder beetle curls into a ball and begins rolling!
Okay, then.
Casting: Iskenderun's Mystic Blast (dangerous; 2% risk of failure)
Confirm with . or Enter, or press ? or * to list all spells.
You erupt in a blast of force!
The mystic blast hits the boulder beetle but does no damage.
The boulder beetle is heavily wounded.
Casting: Iskenderun's Mystic Blast (dangerous; 2% risk of failure)
Confirm with . or Enter, or press ? or * to list all spells.
Okay, then.
You feel yourself speed up.
You feel less invigorated. The boulder beetle hits you!!!
Ouch! That really hurt!
You die...

.###.###......# ######
#.#.###...)..## .###
##.###..###..# ...
#.[....#.#'##. #..#
#.#...##...#.. ...#
#...###...##..### ##.B#
#...#.#)#.#.....###...#
#..##...#####...B.#).#
#..#......#.###@°°.))#
#.##..#..##...###...##
#.#.....)#......#'#.#
#####...##).#.....###
###.'((.###..##
###..###...#
#.....#..## ###......#
###...##


You could see a boulder beetle (rolling, inner flame).

Vanquished Creatures
  2 two-headed ogres
  Joseph (D:7)
  Maggie (D:6)
  A tengu conjurer (D:9)
  A troll (D:9)
  A slime creature (D:9)
  A hornet (D:7)
  Sigmund (D:3)
  3 spriggans (Bailey)
  5 shadows
  A wraith (D:9)
  2 wyverns (D:9)
  7 yaks (D:9)
  4 steam dragons
  2 acid dragons (D:9)
  A water moccasin (D:9)
  2 black bears
  7 orc warriors
  A sky beast (D:6)
  6 centaurs
  7 ogres
  A phantom (D:9)
  2 kobold brigands
  Blork the orc (D:6)
  2 gnoll sergeants
  2 bullfrogs
  A necrophage (D:4)
  2 scorpions (D:5)
  10 wights (D:9)
  11 killer bees (D:9)
  A troll zombie (D:9)
  4 jellies
  An electric eel (D:6)
  2 howler monkeys (D:9)
  9 orc priests
  2 hounds
  2 gnoll boudas
  10 orc wizards
  Natasha (thrice) (D:2)
  2 iguanas
  5 ogre zombies (D:9)
  13 gnolls
  9 adders
  2 white imps
  2 worms
  32 orcs
  3 endoplasms
  8 giant cockroaches
  2 goblins
  5 hobgoblins (D:1)
  2 jackals (D:1)
  9 kobolds
  5 quokkas
  7 ball pythons
  2 bats
  4 frilled lizards
  A goblin skeleton (D:9)
  4 goblin zombies (D:9)
  2 hobgoblin skeletons (D:9)
  3 orc skeletons (D:9)
  9 orc zombies (D:9)
  4 rats
258 creatures vanquished.

Vanquished Creatures (others)
  617 foxfires
  A plant (D:7)
618 creatures vanquished.

Grand Total: 876 creatures vanquished

Notes
Turn   | Place    | Note
-------+----------+-------------------------------------------
     0 | D:1      | Conn the Octopode Fire Elementalist began the quest for the
                  | Orb.
     0 | D:1      | Reached XP level 1. HP: 11/11 MP: 3/3
   328 | D:1      | Reached XP level 2. HP: 9/17 MP: 5/5
  1009 | D:2      | Reached XP level 3. HP: 21/21 MP: 0/6
  1104 | D:2      | Noticed Natasha
  1112 | D:2      | Killed Natasha
  1113 | D:2      | Reached XP level 4. HP: 17/27 MP: 2/7
  1677 | D:2      | Noticed Natasha
  1684 | D:2      | Killed Natasha
  1876 | D:2      | Noticed Natasha
  1885 | D:2      | Killed Natasha
  1886 | D:2      | Reached skill level 3 in Spellcasting
  1886 | D:2      | Reached XP level 5. HP: 31/31 MP: 4/9
  1891 | D:2      | Learned a level 2 spell: Scorch
  1895 | D:2      | Learned a level 3 spell: Conjure Flame
  1899 | D:2      | Learned a level 3 spell: Inner Flame
  2137 | D:3      | Noticed Sigmund
  2146 | D:3      | Killed Sigmund
  2147 | D:3      | Reached XP level 6. HP: 36/36 MP: 0/11
  3147 | D:3      | Found a burning altar of Makhleb.
  4046 | D:5      | Entered Level 5 of the Dungeon
  4115 | D:5      | Reached skill level 4 in Spellcasting
  4115 | D:5      | Reached XP level 7. HP: 41/41 MP: 5/13
  4208 | D:5      | Learned a level 4 spell: Flame Wave
  4396 | D:5      | Reached skill level 5 in Fire Magic
  5087 | D:5      | Reached skill level 1 in Hexes
  5303 | D:6      | Found a radiant altar of Vehumet.
  5309 | D:6      | Reached skill level 5 in Spellcasting
  5371 | D:6      | Noticed Blork the orc
  5376 | D:6      | Killed Blork the orc
  5377 | D:6      | Reached XP level 8. HP: 46/46 MP: 15/15
  5658 | D:6      | Reached skill level 6 in Spellcasting
  5790 | D:6      | Noticed Maggie
  6339 | D:6      | Killed Maggie
  6340 | D:6      | Reached skill level 1 in Throwing
  6340 | D:6      | Reached skill level 7 in Spellcasting
  6340 | D:6      | Reached XP level 9. HP: 51/51 MP: 13/19
  6676 | D:7      | Noticed a hornet
  6774 | D:7      | Killed a hornet
  6775 | D:7      | Reached skill level 5 in Conjurations
  6985 | D:7      | Reached skill level 8 in Spellcasting
  7082 | D:7      | Noticed Joseph
  7090 | D:7      | Killed Joseph
  7294 | D:7      | Found a staircase to the Ecumenical Temple.
  7303 | Temple   | Entered the Ecumenical Temple
  7311 | Temple   | Became a worshipper of Sif Muna the Loreminder
  7615 | D:8      | Found an ancient bone altar of Kikubaaqudgha.
  7809 | D:8      | Reached XP level 10. HP: 46/56 MP: 22/22
  7814 | D:8      | Reached skill level 9 in Spellcasting
  8744 | D:9      | Learned a level 4 spell: Iskenderun's Mystic Blast
  9011 | D:9      | Reached skill level 1 in Invocations
  9027 | D:9      | Reached * piety under Sif Muna
  9204 | D:9      | Reached skill level 1 in Translocations
  9215 | D:9      | Found a staircase to the Orcish Mines.
  9252 | D:9      | Found a flagged portal.
  9262 | D:9      | Gained mutation: You sometimes lose your temper in combat.
                  | [potion of mutation]
  9262 | D:9      | Gained mutation: You have an uncontrollable temper. [potion
                  | of mutation]
  9263 | D:9      | Lost mutation: You have an uncontrollable temper. [potion
                  | of mutation]
  9263 | D:9      | Lost mutation: You sometimes lose your temper in combat.
                  | [potion of mutation]
  9263 | D:9      | Gained mutation: You have hidden genetic potential. [potion
                  | of mutation]
  9263 | D:9      | Gained mutation: You have very sharp teeth. [potion of
                  | mutation]
  9263 | D:9      | Gained mutation: One of your tentacles bears a spike.
                  | [potion of mutation]
  9291 | D:9      | Reached skill level 10 in Spellcasting
  9348 | D:9      | HP: 3/84 [orc warrior/+0 long sword (13)]
  9353 | D:9      | Reached ** piety under Sif Muna
  9422 | D:9      | Reached XP level 11. HP: 57/62 MP: 2/25
  9465 | Bailey   | Entered a bailey
  9742 | Bailey   | Reached skill level 11 in Spellcasting
  9787 | Bailey   | Noticed a two-headed ogre
  9803 | Bailey   | Killed a two-headed ogre
  9999 | D:9      | Gained mutation: Your muscles are strong. (Str +4, Int/Dex
                  | -1) [hidden potential]
 10361 | D:9      | Reached *** piety under Sif Muna
 10676 | D:9      | Noticed a two-headed ogre
 10679 | D:9      | Killed a two-headed ogre
 10870 | D:9      | Noticed a boulder beetle
 10912 | D:9      | Mangled by a boulder beetle

Illustrated notes

Levels and vault maps discovered:
D:1:      psy_arrival_whirlpool, layout_rooms
D:2:      layout_loops_cross, uniq_natasha
D:3:      layout_loops_corners, lightli_temple_of_fire, roderic_roman_lattice,
          uniq_sigmund
D:4:      layout_loops_cross, kennysheep_pointless_box
D:5:      layout_loops_ring, kennysheep_windowed_goal
D:6:      layout_rooms, nicolae_vehumet_radiance, nicolae_lava_and_water,
          uniq_blork_the_orc, uniq_maggie, uniq_edmund
D:7:      layout_cave_pools, minmay_temple_entry_gardened_gates, uniq_joseph
D:8:      layout_basic, old_standard_altar, minivault_19
D:9:      minmay_slanted_spiral_squares, layout_loops_corners,
          zombieorc1_lemuel, enter_bailey_8, kennysheep_kite_vault
Temple:   nicolae_temple_two_arcs

Skill      XL: |  1  2  3  4  5  6  7  8  9 10 11 |
---------------+----------------------------------+-----
Stealth        | 3 4 |  4.3
Fire Magic     | 4 5 6 7 8 |  8.9
Spellcasting   | 3 4 5 7 8 10 11 | 11.8
Conjurations   | 2 3 4 6 7 |  7.7
Hexes          | 1 2 |  2.4
Throwing       | 1 |  1.0
Invocations    | 2 3 |  3.3
Translocations | 2 3 |  3.6
Fighting       | |  0.5
Staves         | |  0.3
Dodging        | |  2.8
Unarmed Combat | |  0.5

Action                   |  1- 3 |  4- 6 |  7- 9 | 10-12 || total
-------------------------+-------+-------+-------+-------++-------
Melee: Unarmed           |    15 |       |       |       ||    15
       Tentacles         |     4 |     5 |     6 |    11 ||    26
       Constrict         |     4 |     4 |     4 |     5 ||    17
       Dagger            |     3 |    15 |       |    31 ||    49
       Staff             |       |     1 |    10 |     1 ||    12
       Punch             |       |       |     1 |       ||     1
       Kick              |       |       |       |    10 ||    10
       Bite              |       |       |       |     3 ||     3
Throw: Dart              |     2 |     3 |     3 |       ||     8
       Javelin           |     1 |       |       |     2 ||     3
       Throwing net      |       |       |     1 |     1 ||     2
 Cast: Foxfire           |    33 |    67 |   148 |   129 ||   377
       Scorch            |       |     6 |    48 |   109 ||   163
       Conjure Flame     |       |     1 |       |     6 ||     7
       Inner Flame       |       |     1 |    19 |    14 ||    34
       Flame Wave        |       |       |     1 |    11 ||    12
       Iskenderun's Myst |       |       |       |    10 ||    10
Invok: Channel Magic     |       |       |       |     3 ||     3
Evoke: Wand              |       |       |       |     2 ||     2
  Use: Scroll            |       |       |     8 |    14 ||    22
       Potion            |       |       |       |    22 ||    22
 Stab: Sleeping          |       |       |     1 |     1 ||     2
       Held in net/web   |       |       |       |     1 ||     1
Armor: Skin              |     3 |     2 |     8 |    34 ||    47
Dodge: Dodged            |    25 |    16 |    12 |    58 ||   111

Table legend: (Time is in decaauts)
 A = Elapsed time spent in this place.
 B = Non-inter-level travel time spent in this place.
 C = Inter-level travel time spent in this place.
 D = Time resting spent in this place.
 E = Time spent auto-exploring this place.
 F = Levels seen in this place.
 G = Mean time per level.
                   A        B        C        D        E       F      G
               +--------+--------+--------+--------+--------+-----+--------+
         Total |  10903 |  10629 |    274 |    693 |   7639 |  11 |  991.2 |
       Dungeon |  10430 |  10161 |    269 |    590 |   7410 |   9 | 1158.9 |
        Temple |     16 |     11 |      5 |      0 |      0 |   1 |   16.0 |
        Bailey |    456 |    456 |      0 |    103 |    229 |   1 |  456.0 |
               +--------+--------+--------+--------+--------+-----+--------+

Top non-repeatable levels by time:
     D:9: 1587 daAuts
     D:6: 1397 daAuts
     D:3: 1333 daAuts
     D:8: 1287 daAuts
     D:5: 1258 daAuts
     D:1: 1117 daAuts
     D:2: 923 daAuts
     D:7: 855 daAuts
     D:4: 669 daAuts
  Bailey: 456 daAuts
  Temple: 16 daAuts
